 Dungeon Crawl Stone Soup version 0.30-a0-377-g5cb311bc9f (webtiles) character file.

Game seed: 4894930896898919914

590 qeuew the Magician (level 7, -3/32 HPs)
             Began as a Deep Elf Fire Elementalist on Nov 28, 2022.
             Was a Follower of Hepliaklqana.
             Slain by Pikel
             ... wielding a +1 whip of freezing
              (5 damage)
             ... on level 4 of the Dungeon.
             The game lasted 00:10:00 (4925 turns).

qeuew the Magician (Deep Elf Fire Elementalist)     Turns: 4925, Time: 00:10:00

Health: -3/32      AC:  6    Str:  5    XL:     7   Next: 16%
Magic:  9/17       EV: 14    Int: 22    God:    Hepliaklqana [*.....]
Gold:   230        SH:  0    Dex: 15    Spells: 7/17 levels left

rFire   . . .      SeeInvis +    (no weapon)
rCold   . . .      Faith    .    (no shield)
rNeg    . . .      Spirit   .    a - +0 robe
rPois   .          Reflect  .    (no helmet)
rElec   .          Harm     .    (no cloak)
rCorr   .          Rampage  .    (no gloves)
Will    .....                    (no boots)
Stlth   +++.......               f - amulet of regeneration
HPRegen 1.05/turn                i - ring of see invisible
MPRegen 0.15/turn                n - +4 ring of protection

@: no status effects
A: reduced essence
a: Renounce Religion, Recall Ancestor, Ancestor Identity


You were on level 4 of the Dungeon.
You worshipped Hepliaklqana.
Hepliaklqana was aware of your devotion.
You visited 1 branch of the dungeon, and saw 4 of its levels.
You also visited: Sewer.

You collected 230 gold pieces.

Inventory:

Missiles
 p - a throwing net
Armour
 a - a +0 robe (worn)
Jewellery
 f - an amulet of regeneration (around neck)
 i - a ring of see invisible (left hand)
 n - a +4 ring of protection (right hand)
Wands
 h - a wand of polymorph (9)
 j - a wand of charming (4)
Scrolls
 c - a scroll of amnesia {unknown}
 g - a scroll of enchant weapon
 m - 2 scrolls of blinking
Potions
 d - a potion of curing
 e - a potion of berserk rage
 k - 3 potions of might
 l - a potion of invisibility
 o - 2 potions of brilliance


   Skills:
 * Level 5.1 Dodging
 + Level 4.4 Stealth
 * Level 5.8 Spellcasting
 + Level 2.9 Conjurations
 + Level 1.1 Translocations
 + Level 4.5 Fire Magic
 + Level 1.3 Invocations
 + Level 1.1 Evocations


You had 7 spell levels left.
You knew the following spells:

 Your Spells              Type           Power      Damage    Failure   Level
a - Foxfire               Conj/Fire      88%        2x1d8     1%          1
b - Scorch                Fire           52%        2d7       2%          2
c - Flame Wave            Conj/Fire      22%        2d8       21%         4
d - Teleport Other        Tloc           11%        N/A       17%         3

Your spell library contained the following spells:

 Spells                   Type           Power      Damage    Failure   Level
 Magic Dart               Conj           76%        1d6       2%          1
 Searing Ray              Conj           38%        2d5       4%          2
 Beastly Appendage        Tmut           12%        N/A       10%         1
 Sting                    Tmut/Pois      24%        1d4       10%         1
 Inner Flame              Hex/Fire       16%        N/A       11%         3
 Kindle Blastsparks       Fire/Tloc/Air  28%        2d12      13%         3
 Poisonous Vapours        Pois/Air       12%        N/A       14%         2
 Wereblood                Tmut           6%         N/A       14%         2
 Gell's Gravitas          Tloc           11%        N/A       17%         3
 Spider Form              Tmut/Pois      6%         N/A       28%         3
 Fulminant Prism          Conj/Hex       6%         3d7       45%         4
 Olgreb's Toxic Radiance  Pois           6%         N/A       67%         4
 Dispersal                Tloc           5%         N/A       100%        6


Dungeon Overview and Level Annotations

Branches:
Dungeon (4/15)             Temple (0/1) D:4           Sewer (visited)

Altars:
Fedhas
Hepliaklqana
Kikubaaqudgha
Ru
The Shining One

Annotations:
D:4 Pikel


Message History

Pikel is moderately wounded.
The flame wave engulfs the lemure but does no damage.
The lemure is severely wounded.
The flame wave engulfs the lemure.
The lemure is moderately wounded.
The flame wave engulfs the lemure.
The lemure is lightly wounded.
The flame wave engulfs the lemure.
The lemure is lightly wounded.
Qeuew2 avoids your attack.
Qeuew2 hits the lemure but does no damage.
The lemure hits you but does no damage.
The lemure hits qeuew2!
The lemure hits you.
Pikel hits you with a +1 whip of freezing.
Pikel freezes you.
A wave of flame ripples out!
The flame wave engulfs Pikel!
Pikel is heavily wounded.
The flame wave engulfs the lemure!
You kill the lemure!
That felt strangely unrewarding.
The flame wave engulfs the lemure.
The lemure is heavily wounded.
The flame wave engulfs the lemure!
The lemure is moderately wounded.
The flame wave engulfs the lemure!
The lemure is moderately wounded.
Qeuew2 avoids your attack.
You finish channelling waves of flame.
The lemure hits you but does no damage.
Qeuew2 closely misses the lemure.
Pikel hits you with a +1 whip of freezing.
Pikel freezes you. The lemure barely misses you.
Casting: Scorch (safe; 2% risk of failure)
Press: ? - help, Q - select action, (/) - cycle Dir - look around, f - activate Look: Pikel, wielding a +1 whip of freezing, wearing a +0 robe and carrying a wand of charming (5) (heavily wounded) Flames lash the lemure.
The lemure is severely wounded.
The lemure's fire resistance burns away.
The lemure hits you but does no damage.
Qeuew2 hits the lemure.
Pikel hits you with a +1 whip of freezing!
* * * LOW HITPOINT WARNING * * *
Pikel freezes you.
You die...

#...#......#.. ######## ...#+##
########'##### .......#
#.....###...####...##. .......#
#.....#........'....#. .......#
+.>...#........#....#. .......#
..#.....#........#...)#. .......#
..#....5#........#....') .......#
#.#...K5####'##########)
....#'####.###.5@..#....#.....)))
....#...#....+R....#....#........
....#...#.)..#.....#....#........
....#...#....#.....#....#....))))
....#...#....#....=#....#....))).
....#...#....#.....#....#....)...
.#..######...#.....#....#........
.#.......#'###.....######........
.............................####


You could see the friendly qeuew2 the ancestor, Pikel and 3 lemures.

Vanquished Creatures
  A lemure (D:4)
  A kobold brigand (Sewer)
  A scorpion (D:4)
  A gnoll bouda (D:4)
  Ijyb (D:4)
  3 orc wizards (D:3)
  Natasha (D:4)
  Robin (D:4)
  6 gnolls
  7 adders
  6 river rats (Sewer)
  A worm (D:3)
  A dart slug (D:2)
  13 orcs
  6 endoplasms
  5 giant cockroaches
  6 hobgoblins
  10 jackals
  4 quokkas (D:3)
  9 ball pythons
  3 bats
  6 frilled lizards
  15 goblins
  7 kobolds
  5 rats
120 creatures vanquished.

Vanquished Creatures (others)
  36 foxfires
  19 plants
55 creatures vanquished.

Grand Total: 175 creatures vanquished

Notes
Turn   | Place    | Note
-------+----------+-------------------------------------------
     0 | D:1      | qeuew the Deep Elf Fire Elementalist began the quest for
                  | the Orb.
     0 | D:1      | Reached XP level 1. HP: 10/10 MP: 6/6
   243 | D:1      | Reached XP level 2. HP: 15/15 MP: 0/8
   331 | D:1      | Learned a level 2 spell: Scorch
   834 | D:1      | Reached XP level 3. HP: 19/19 MP: 7/10
  1745 | D:2      | Found a faded altar of an unknown god.
  2034 | D:3      | Found a blossoming altar of Fedhas.
  2079 | D:3      | Reached XP level 4. HP: 24/24 MP: 8/11
  2201 | D:3      | Found a glowing drain.
  2205 | Sewer    | Entered a sewer
  2526 | Sewer    | Reached XP level 5. HP: 28/28 MP: 3/13
  2900 | Sewer    | Reached skill level 5 in Spellcasting
  3171 | D:3      | Reached XP level 6. HP: 32/32 MP: 6/15
  3410 | D:3      | Found a hazy altar of Hepliaklqana.
  3427 | D:3      | Became a worshipper of Hepliaklqana the Forgotten
  3632 | D:3      | Found a glowing golden altar of the Shining One.
  3706 | D:3      | Found an ancient bone altar of Kikubaaqudgha.
  3853 | D:3      | Found a sacrificial altar of Ru.
  4010 | D:4      | Learned a level 4 spell: Flame Wave
  4014 | D:4      | Learned a level 3 spell: Teleport Other
  4267 | D:4      | Noticed Natasha
  4272 | D:4      | Killed Natasha
  4298 | D:4      | Found a staircase to the Ecumenical Temple.
  4532 | D:4      | Noticed Ijyb
  4536 | D:4      | Killed Ijyb
  4537 | D:4      | Reached skill level 1 in Invocations
  4674 | D:4      | Reached skill level 5 in Dodging
  4674 | D:4      | Reached skill level 1 in Evocations
  4674 | D:4      | Reached XP level 7. HP: 36/36 MP: 10/17
  4680 | D:4      | Reached skill level 1 in Translocations
  4712 | D:4      | Noticed Robin
  4719 | D:4      | Killed Robin
  4913 | D:4      | Reached * piety under Hepliaklqana
  4917 | D:4      | Noticed Pikel
  4925 | D:4      | Slain by Pikel

Illustrated notes

Levels and vault maps discovered:
D:1:      dpeg_arrival_arbitrary_a, layout_loops_ring
D:2:      layout_basic, basic_ecumenical_altar
D:3:      layout_loops_ring, mainiacjoe_overflow_concentric_impassable,
          fedhas_ov_isle_minmay, gammafunk_temple_overflow_pools,
          nicolae_hepliaklqana_hazy_memory, gup_sewer_entry_bowl
D:4:      layout_gridville, kennysheep_little_box, minmay_temple_entry_ruins,
          nicolae_concentric_dashed_squares_mild, minmay_misc_feat_diagonals,
          uniq_natasha, uniq_pikel, uniq_ijyb, uniq_menkaure, uniq_robin

Skill      XL: |  1  2  3  4  5  6  7 |
---------------+----------------------+-----
Dodging        | 3 4 5 |  5.1
Stealth        | 3 4 |  4.4
Spellcasting   | 4 5 |  5.8
Conjurations   | 2 |  2.9
Fire Magic     | 4 |  4.5
Invocations    | 1 |  1.3
Evocations     | 1 |  1.1
Translocations | 1 |  1.1

Action                   |  1- 3 |  4- 6 |  7- 9 || total
-------------------------+-------+-------+-------++-------
Melee: Unarmed           |       |    39 |       ||    39
 Cast: Foxfire           |    15 |     6 |     3 ||    24
       Scorch            |    34 |    85 |    10 ||   129
       Flame Wave        |       |       |     3 ||     3
Invok: Ancestor Identity |       |       |     1 ||     1
  Use: Scroll            |     5 |     4 |       ||     9
       Potion            |     2 |     1 |     1 ||     4
Armor: Robe              |     6 |    15 |     4 ||    25
Dodge: Dodged            |     4 |    38 |    13 ||    55

Table legend: (Time is in decaauts)
 A = Elapsed time spent in this place.
 B = Non-inter-level travel time spent in this place.
 C = Inter-level travel time spent in this place.
 D = Time resting spent in this place.
 E = Time spent auto-exploring this place.
 F = Levels seen in this place.
 G = Mean time per level.
                   A        B        C        D        E       F      G
               +--------+--------+--------+--------+--------+-----+--------+
         Total |   5066 |   4977 |     89 |      0 |   4254 |   5 | 1013.2 |
       Dungeon |   3989 |   3900 |     89 |      0 |   3289 |   4 |  997.2 |
         Sewer |   1077 |   1077 |      0 |      0 |    964 |   1 | 1077.0 |
               +--------+--------+--------+--------+--------+-----+--------+

Top non-repeatable levels by time:
     D:3: 1180 daAuts
     D:1: 1084 daAuts
   Sewer: 1077 daAuts
     D:4: 948 daAuts
     D:2: 775 daAuts
